Map: Para Site LE

Players

Denver - Winner!

  • Race: Zerg Zerg
  • League: Master
  • Spawn Location: 5:00

Zanster

  • Race: Zerg Zerg
  • Spawn Location: 11:00

Event: HomeStory Cup XVIII

VOD

Have the link to the VOD?

Description

Time

  • Played on: Nov. 22, 2018, 1:11 p.m.
  • Length: 3:50

All games in this series

Show
View Real Time Build Order
Export as new Build Order

Denver Zerg - Winner!

Build Orders: Pool First 

Get SALT Encoding   

  12  0:00  Drone  
  13  0:12  Overlord  
  13  0:17  Drone  
  14  0:31  Drone x2  
  14  0:35  Drone  
  17  0:45  Extractor  
  17  0:46  Spawning Pool  
  17  0:49  Drone  
  16  0:55  Drone  
  17  1:15  Hatchery  
  17  1:17  Drone  
  17  1:33  Zergling x4  
  17  1:36  Queen  
  21  1:45  Metabolic Boost  
  21  1:51  Overlord  
  21  1:55  Zergling x2  
  22  2:05  Baneling Nest  
  22  2:06  Zergling x2  
  22  2:14  Zergling x2  
  23  2:23  Zergling x2  
  23  2:27  Zergling x2  
  25  2:33  Zergling x2  
  26  2:37  Zergling x2  
  27  2:44  Zergling x6  
  27  2:50  Baneling x3  
  30  2:51  Zergling x4  
  30  2:58  Zergling x2  
  33  3:03  Baneling  
  33  3:05  Zergling x2  
  34  3:10  Zergling x4  
  36  3:16  Overlord  
  36  3:27  Baneling x2  
  36  3:30  Overlord  
Show
View Real Time Build Order
Export as new Build Order

Zanster Zerg 

Build Orders: Hatch First 

Get SALT Encoding   

  12  0:01  Drone  
  13  0:13  Overlord  
  13  0:17  Drone  
  14  0:32  Drone x2  
  16  0:49  Hatchery  
  15  0:51  Drone  
  15  0:54  Drone  
  17  0:58  Drone  
  18  1:08  Extractor  
  17  1:13  Spawning Pool  
  17  1:17  Drone  
  17  1:19  Drone  
  18  1:30  Drone  
  19  1:40  Drone  
  20  1:52  Drone  
  21  2:01  Overlord  
  21  2:02  Queen x2  
  21  2:03  Zergling x2  
  26  2:11  Metabolic Boost  
  26  2:16  Zergling x2  
  26  2:17  Zergling x2  
  28  2:26  Drone  
  28  2:27  Drone  
  30  2:33  Drone x2  
  32  2:50  Overlord  
  32  2:51  Baneling Nest  
  31  2:52  Drone  
  31  2:55  Drone  
  31  2:56  Drone  
  34  3:05  Drone, Hatchery  
  34  3:07  Drone  
  37  3:13  Zergling x2  
  37  3:15  Zergling x2  
  37  3:19  Zergling x2  
  41  3:20  Zergling x4  
  41  3:24  Zergling x4  
  41  3:30  Overlord  
  42  3:39  Baneling Nest  
Tags
 
Add a new tag
Caveats
  • Supply blocks, unpowered buildings, or Contaminate may cause inaccurate times.
  • Supply counts are checked every 10 seconds.